Map: Ruins of Seras

Players

Nea - Winner!

  • Race: Zerg Zerg
  • League: Gold

Bagain

  • Race: Protoss Protoss
  • League: Gold

VOD

Have the link to the VOD?

Description

Time

  • Played on: Feb. 6, 2016, 11:17 a.m.
  • Length: 10:10
Show
View Real Time Build Order
Export as new Build Order

Nea Zerg - Winner!

Build Orders: 3 Hatch before Pool 

Get SALT Encoding   

  12  0:01  Drone  
  13  0:10  Drone  
  14  0:17  Overlord  
  14  0:35  Drone x3  
  17  0:57  Drone, Hatchery  
  17  1:19  Hatchery  
  17  1:25  Drone x2  
  18  1:36  Extractor  
  17  1:42  Spawning Pool  
  17  1:43  Drone  
  17  1:47  Drone  
  18  2:02  Drone  
  18  2:03  Drone  
  20  2:09  Drone x2  
  22  2:21  Drone  
  22  2:22  Drone  
  24  2:41  Queen x3  
  30  2:50  Drone x2  
  30  2:51  Drone x2  
  34  2:58  Overlord  
  34  2:59  Overlord  
  34  3:13  Metabolic Boost  
  34  3:16  Overlord  
  34  3:32  Drone  
  34  3:33  Drone x8  
  43  3:46  Roach Warren  
  42  3:52  Zergling x2  
  42  3:53  Zergling x20  
  42  3:55  Zergling x2  
  54  4:07  Overlord x2  
  54  4:10  Drone x4  
  58  4:25  Lair  
  58  4:41  Drone  
  58  4:42  Drone x10  
  58  4:44  Extractor  
  58  4:45  Extractor  
  66  4:46  Extractor  
  64  5:04  Drone x6  
  64  5:05  Drone x5  
  72  5:12  Overlord x4  
  67  5:28  Drone x3  
  68  5:32  Spore Crawler  
  67  5:44  Spore Crawler  
  66  5:53  Drone  
  66  5:54  Drone x6  
  66  5:56  Extractor  
  72  5:57  Extractor  
  72  6:04  Glial Reconstitution  
  71  6:05  Drone x3  
  71  6:06  Drone  
  71  6:07  Overlord x2  
  71  6:08  Overlord x2  
  71  6:09  Roach  
  71  6:10  Roach x2  
  81  6:16  Spine Crawler  
  81  6:17  Spine Crawler x2  
  78  6:18  Spore Crawler, Spine Crawler  
  78  6:25  Spore Crawler, Drone x3  
  78  6:27  Evolution Chamber  
  78  6:28  Evolution Chamber  
  76  6:33  Evolution Chamber  
  76  6:36  Infestation Pit  
  74  6:43  Drone  
  74  6:44  Drone x2  
  74  6:45  Ravager x3  
  74  6:46  Roach x4  
  74  6:47  Roach x5  
  98  6:57  Zergling x4  
  98  6:59  Zerg Missile Weapons Level 1, Zerg Melee Weapons Level 1  
  98  7:00  Zerg Ground Armor Level 1  
  100  7:03  Burrow, Pneumatized Carapace  
  100  7:05  Drone  
  100  7:06  Drone  
  100  7:07  Drone x2  
  104  7:10  Ravager  
  105  7:15  Overseer  
  105  7:16  Overseer  
  105  7:44  Ravager x3  
  105  7:47  Hive, Hydralisk Den  
  105  7:49  Zergling x18  
  105  7:50  Overlord x4, Zergling x10  
  121  8:26  Hatchery  
  120  8:27  Extractor  
  120  8:30  Extractor  
  118  8:35  Roach x9  
  136  8:51  Hydralisk  
  136  8:52  Hydralisk x2  
  136  8:55  Extractor  
  141  8:57  Extractor, Hatchery  
  141  8:59  Hydralisk  
  141  9:00  Hydralisk x2  
  146  9:10  Ravager x2  
  142  9:39  Hydralisk  
  142  9:40  Hydralisk x8  
  142  9:42  Overlord x4  
  142  9:43  Overlord x2  
Show
View Real Time Build Order
Export as new Build Order

Bagain Protoss 

Build Orders: Nexus First 

Get SALT Encoding   

  12  0:01  Probe (Chrono Boost)  
  13  0:12  Probe (Chrono Boost)  
  14  0:23  Pylon  
  14  0:27  Probe (Chrono Boost)  
  15  0:42  Probe (Chrono Boost)  
  16  0:52  Probe (Chrono Boost)  
  17  1:03  Nexus  
  17  1:14  Gateway  
  17  1:19  Pylon  
  17  1:22  Probe (Chrono Boost)  
  18  1:28  Assimilator  
  18  1:33  Probe (Chrono Boost)  
  19  1:42  Assimilator  
  19  1:47  Probe (Chrono Boost)  
  20  1:58  Probe (Chrono Boost)  
  21  2:10  Cybernetics Core  
  21  2:12  Probe (Chrono Boost)  
  21  2:14  Gateway  
  22  2:20  Probe (Chrono Boost)  
  22  2:28  Gateway  
  22  2:30  Probe (Chrono Boost)  
  24  2:41  Probe (Chrono Boost)  
  24  2:42  Probe (Chrono Boost)  
  25  2:47  Assimilator  
  25  2:49  Warp Gate  
  27  2:51  Probe (Chrono Boost)  
  27  2:54  Stalker (Chrono Boost)  
  28  3:00  Probe  
  28  3:03  Probe  
  32  3:07  Adept (Chrono Boost)  
  32  3:10  Probe  
  33  3:15  Probe  
  33  3:18  Pylon  
  36  3:22  Adept (Chrono Boost)  
  36  3:24  Probe  
  37  3:27  Probe  
  38  3:43  Probe  
  38  3:44  Probe  
  38  3:45  Stargate  
  38  3:46  Stargate  
  40  3:51  Adept (Chrono Boost)  
  44  3:56  Adept (Chrono Boost)  
  44  4:04  Probe  
  44  4:06  Probe (Chrono Boost)  
  44  4:07  Adept (Chrono Boost)  
  48  4:13  Assimilator  
  48  4:16  Probe (Chrono Boost)  
  49  4:18  Probe (Chrono Boost)  
  50  4:27  Probe (Chrono Boost)  
  50  4:28  Probe (Chrono Boost)  
  52  4:33  Pylon, Phoenix (Chrono Boost)  
  54  4:51  Phoenix (Chrono Boost), Probe x2  
  51  5:03  Probe x2  
  46  5:12  Adept  
  46  5:13  Adept x2  
  43  5:15  Oracle (Chrono Boost)  
  43  5:20  Probe  
  46  5:39  Probe x2  
  48  5:51  Probe  
  49  5:59  Probe  
  49  6:03  Probe  
  51  6:11  Probe  
  51  6:15  Probe  
  53  6:19  Phoenix x2 (Chrono Boost)  
  53  6:23  Probe  
  58  6:28  Probe  
  59  6:52  Probe x2  
  61  7:04  Probe  
  62  7:10  Pylon  
  62  7:12  Fleet Beacon  
  62  7:13  Pylon  
  62  7:28  Phoenix x2 (Chrono Boost), Pylon, Probe x2  
  68  7:40  Probe x2  
  70  7:52  Probe x2  
  72  8:04  Probe x2  
  74  8:16  Probe  
  74  8:19  Probe  
  76  8:22  Tempest x2 (Chrono Boost)  
  84  8:28  Probe  
  85  8:36  Pylon  
  85  8:38  Pylon  
  85  8:50  Pylon  
  85  8:55  Pylon  
  85  8:59  Tempest (Chrono Boost)  
  93  9:03  Tempest (Chrono Boost)  
  93  9:12  Adept  
  93  9:13  Adept  
  93  9:15  Adept  
Tags
 
Add a new tag
Caveats
  • Supply blocks, unpowered buildings, or Contaminate may cause inaccurate times.
  • Supply counts are checked every 10 seconds.